 Dungeon Crawl Stone Soup version 0.30.0-20-g3615ddf2f0 (webtiles) character file.

Game seed: 18383938054690322537

289 qw the Chopper (level 6, -3/38 HPs)
             Began as a Gargoyle Fighter on June 1, 2023.
             Slain by a gnoll
             ... wielding a +0 halberd of venom
              (4 damage)
             ... on level 3 of the Dungeon.
             The game lasted 00:01:03 (2606 turns).

qw the Chopper (Gargoyle Fighter)                   Turns: 2606, Time: 00:01:04

Health: -3/38      AC: 11    Str: 21    XL:     6   Next: 31%
Magic:  6/6        EV:  9    Int:  9    God:
Gold:   55         SH:  4    Dex:  9    Spells: 5/5 levels left

rFire   + . .        Y - +1 war axe
rCold   . . .        c - +0 buckler
rNeg    + . .        b - +0 scale mail
rPois   inf          (no helmet)
rElec   +            (no cloak)
rCorr   .            (no gloves)
SInv    +            (no boots)
Will    .....        j - amulet of the acrobat Stlth
                     f - ring of protection from fire
HPRegen 0.26/turn    i - ring of see invisible
MPRegen 0.10/turn

%: acrobat
@: very slow
A: sickness immunity, AC +4, negative energy resistance 1, electricity
resistance, torment resistance 1, petrification resistance
a: no special abilities


You were on level 3 of the Dungeon.
You visited 1 branch of the dungeon, and saw 4 of its levels.

You collected 104 gold pieces.
You spent 49 gold pieces at shops.


Innate Abilities, Weirdness & Mutations

You are immune to sickness and miasma.
Your stone body is resilient. (AC +4)
You are immune to poison.
You resist negative energy. (rN+)
You are resistant to electric shocks. (rElec)
You are resistant to unholy torment.
You are immune to petrification.


   Skills:
 - Level 4.1 Fighting
 + Level 5.2 Axes
 - Level 3.2 Armour
 - Level 1.1 Dodging
 - Level 3.2 Shields


You had 5 spell levels left.
You didn't know any spells.
Your spell library was empty.

Inventory:

Hand Weapons
 e - a +0 flail
 Y - a +1 war axe (weapon)
Missiles
 a - 7 boomerangs (quivered)
Armour
 b - a +0 scale mail (worn)
 c - a +0 buckler (worn)
Jewellery
 f - a ring of protection from fire (left hand)
 g - a ring of protection from cold
 i - a ring of see invisible (right hand)
 j - an amulet of the acrobat (around neck)
 k - a ring of willpower
Scrolls
 l - a scroll of identify
Potions
 d - a potion of might
 h - a potion of berserk rage {unknown}

Dungeon Overview and Level Annotations

Branches:
Dungeon (4/15)
 Temple: D:4-7

Altars:

Shops:
D:1 (   D:3 (


Message History

The gnoll hits you from afar with a +0 halberd of venom.
The gnoll splashes around in the water.
The gnoll closely misses you.
Your unstable footing causes you to fumble your attack.
A nearby plant withers and dies.
You block the gnoll's attack. The gnoll hits you but does no damage.
The gnoll barely misses you.
You barely miss the gnoll. You hit the gnoll but do no damage.
The gnoll barely misses you.
The gnoll splashes around in the water.
You block the gnoll's attack. The gnoll hits you but does no damage.
You barely miss the gnoll. x2
The gnoll hits you with a +0 spear. The gnoll hits you but does no damage.
The gnoll barely misses you. The gnoll hits you but does no damage.
Your unstable footing causes you to fumble your attack.
The gnoll hits you but does no damage.
The gnoll hits you from afar with a +0 halberd of venom.
The gnoll splashes around in the water.
The gnoll barely misses you.
You hit the gnoll.
The gnoll is moderately wounded.
You hit the gnoll. The gnoll hits you but does no damage.
The gnoll splashes around in the water.
You block the gnoll's attack.
You slash the gnoll!
You kill the gnoll!
You hear a splash.
You completely miss the gnoll. The gnoll hits you but does no damage.
The gnoll hits you with a +0 halberd. The gnoll barely misses you.
Your unstable footing causes you to fumble your attack.
The gnoll hits you with a +0 halberd. The gnoll hits you but does no damage.
You closely miss the gnoll.
The gnoll is moderately wounded.
The gnoll barely misses you. x2; The gnoll closely misses you.
You hit the gnoll.
The gnoll is severely wounded.
The gnoll barely misses you. The gnoll closely misses you. x2
Your unstable footing causes you to fumble your attack.
The gnoll hits you with a +0 halberd. The gnoll barely misses you.
Your unstable footing causes you to fumble your attack.
The gnoll closely misses you.
The gnoll hits you from afar with a +0 halberd of venom.
You die...

# ##...##P~~P..####
>###.. .###~~...# #....
...P~...# #.#.###
#####...##
.###.#.?.##### ##...#
.....#...P..P####...#
#.[###...7~7.....#...#
.....gg..~7~~...7....#
.#...7@7~~~~7.P..<..#
#.....~)~~~~7..7...).##
###.7.~~~7~~.7.#.#..%)#
.......~~~..7#..####)##
#####..77..P##..P #...#
##########~PP~..#..
..P~P~P~~#. .~~77~~~P..
.~ 777~~P.


You could see 2 gnolls.

Vanquished Creatures
  A scorpion (D:4)
  2 orc priests
  An orc wizard (D:3)
  A sleepcap (D:4)
  2 gnolls (D:3)
  3 adders
  2 river rats (D:4)
  A worm (D:2)
  6 orcs
  5 ball pythons
  4 endoplasms
  4 hobgoblins
  3 kobolds
  10 quokkas
  A bat (D:1)
  6 frilled lizards
  2 goblins
  2 rats
56 creatures vanquished.

Notes
Turn   | Place    | Note
-------+----------+-------------------------------------------
     0 | D:1      | qw the Gargoyle Fighter began the quest for the Orb.
     0 | D:1      | Reached XP level 1. HP: 14/14 MP: 1/1
     0 | D:1      | 0 ||| qw: Version: 0.2-a-102-gdf20003
     0 | D:1      | 0 ||| qw: Game counter: 714
     0 | D:1      | 0 ||| qw: Always use a shield: true
     0 | D:1      | 0 ||| qw: God list: Okawaru
     0 | D:1      | 0 ||| qw: Allow faded altars: false
     0 | D:1      | 0 ||| qw: Do Orc after D:15 true
     0 | D:1      | 0 ||| qw: Do second Lair branch before Depths: true
     0 | D:1      | 0 ||| qw: Lair rune preference: random
     0 | D:1      | 0 ||| qw: Plans: Normal, Zot:1-4, Slime:5, God:TSO, Crypt,
                  | Tomb, Pan, Hells, Abyss, Win
     0 | D:1      | 0 ||| PLANNING D:1-11
    48 | D:1      | Reached skill level 2 in Axes
   343 | D:1      | Found Vimoh's Weapon Shop.
   356 | D:1      | Reached XP level 2. HP: 19/19 MP: 2/2
   369 | D:1      | 369 ||| SHOPLISTING +0 club (11 gold, have 6).
   869 | D:1      | 869 ||| UPGRADING to ring of protection from fire.
   870 | D:1      | 870 ||| UPGRADING to ring of see invisible.
   871 | D:1      | 871 ||| READING scroll labelled RAFRYICSES.
   872 | D:1      | 872 ||| READING scroll labelled ULUKHL KUQI.
   876 | D:1      | 876 ||| READING scroll labelled ISUODWALOR.
   963 | D:2      | You fall into a shaft and drop 2 floors!
   971 | D:4      | 971 ||| PLANNING SEWER
   986 | D:4      | Reached skill level 3 in Axes
   986 | D:4      | Reached XP level 3. HP: 23/23 MP: 3/3
  1065 | D:4      | 1065 ||| DROPPING +0 club.
  1164 | D:4      | Reached XP level 4. HP: 26/28 MP: 4/4
  1202 | D:4      | Reached skill level 4 in Axes
  1225 | D:4      | Noticed a scorpion
  1242 | D:4      | Killed a scorpion
  1243 | D:4      | Reached XP level 5. HP: 24/32 MP: 5/5
  1389 | D:4      | Reached skill level 5 in Axes
  1537 | D:4      | 1537 ||| DROPPING +0 hand axe of distortion.
  1564 | D:4      | 1564 ||| RIP SEWER
  1728 | D:4      | 1728 ||| PLANNING D:1-11
  1728 | D:4      | 1728 ||| READING scroll labelled MAIHUICRAO.
  1783 | D:3      | Found Bimeori's Weapon Shop.
  2160 | D:2      | 2160 ||| Stepping ~*~*~tactically~*~*~ (hiding).
  2161 | D:2      | 2161 ||| Stepping ~*~*~tactically~*~*~ (hiding).
  2361 | D:2      | 2361 ||| UPGRADING to amulet of the acrobat.
  2366 | D:2      | 2366 ||| READING scroll labelled GAVVIBIUSY.
  2391 | D:3      | 2391 ||| BUYING +0 flail (49 gold).
  2391 | D:3      | Bought a +0 flail for 49 gold pieces
  2391 | D:3      | 2391 ||| DROPPING +0 whip.
  2433 | D:3      | Reached XP level 6. HP: 28/38 MP: 6/6
  2441 | D:3      | HP: 3/38 [orc priest/divine providence (13)]
  2446 | D:3      | Reached skill level 1 in Dodging
  2568 | D:3      | 2568 ||| Stepping ~*~*~tactically~*~*~ (stealth).
  2587 | D:3      | 2587 ||| Stepping ~*~*~tactically~*~*~ (hiding).
  2590 | D:3      | 2590 ||| Stepping ~*~*~tactically~*~*~ (hiding).
  2602 | D:3      | HP: 6/38 [gnoll/+0 halberd (6)]
  2605 | D:3      | HP: 1/38 [gnoll/+0 halberd (6)]
  2606 | D:3      | Slain by a gnoll

Levels and vault maps discovered:
D:1:      dpeg_arrival_houses_and_road, layout_basic, serial_shops,
          nicolae_shop_bloodbath_and_beyond
D:2:      cheibrodos_old_hovel, layout_loops_ring
D:3:      layout_rooms, serial_bayou, serial_bayou_pond_a, serial_bayou_pond_a,
          serial_bayou_shore_b, serial_bayou_crossing, serial_bayou_pond_c,
          serial_bayou_pond_d, serial_shops, shop, nicolae_shop_crystal, shop,
          nicolae_square_shop, shop
D:4:      layout_loops_cross, gup_sewer_entry_bowl

Skill      XL: |  1  2  3  4  5  6 |
---------------+-------------------+-----
Axes           | 2 3 4 5 |  5.2
Fighting       | 4 |  4.1
Dodging        | 1 |  1.1
Armour         | |  3.2
Shields        | |  3.2

Action                     |  1- 3 |  4- 6 || total
---------------------------+-------+-------++-------
  Melee: War axe           |    70 |    97 ||   167
  Throw: Boomerang         |       |     8 ||     8
    Use: Scroll            |     3 |     2 ||     5
 Armour: Scale mail        |    32 |    40 ||    72
  Dodge: Dodged            |    23 |    54 ||    77
  Block: Buckler           |    12 |    16 ||    28

Table legend:
 A = Non-vault XP
 B = Vault XP
 C = Vault XP percentage of total XP
 D = Non-vault monster count
 E = Vault monster count
 F = Vault count percentage of total count
                 A         B        C        D         E       F
            +---------+---------+-------+---------+---------+-------
      Total |     383 |      30 |   7.3 |      52 |       4 |   7.1
            +---------+---------+-------+---------+---------+-------
        D:1 |      22 |       0 |   0.0 |      13 |       0 |   0.0
        D:2 |      19 |       2 |   9.5 |      11 |       1 |   8.3
        D:3 |     138 |       0 |   0.0 |      14 |       0 |   0.0
        D:4 |     204 |      28 |  12.1 |      14 |       3 |  17.6
            +---------+---------+-------+---------+---------+-------
